 Dungeon Crawl Stone Soup version 0.22-a0-410-g97be04f (webtiles) character file.

28 galech the Shooter (level 3, -2/31 HPs)
             Began as a Gnoll Wanderer on May 11, 2018.
             Slain by an adder (3 damage)
             ... on level 1 of the Dungeon.
             The game lasted 00:01:11 (600 turns).

galech the Shooter (Gnoll Wanderer)                  Turns: 600, Time: 00:01:13

Health: -2/31      AC:  9    Str: 18    XL:     3   Next: 12%
Magic:  4/4        EV:  7    Int: 12    God:
Gold:   61         SH:  0    Dex: 13    Spells: 3/3 levels left

rFire    . . .     SeeInvis .   a - +2 mace
rCold    . . .     Gourm    .   (no shield)
rNeg     + . .     Faith    .   h - +0 chain mail
rPois    .         Spirit   .   (no helmet)
rElec    .         Reflect  .   (no cloak)
rCorr    .         Harm     .   (no gloves)
MR       .....                  (no boots)
Stlth    ..........             (no amulet)
HPRegen  0.10/turn              i - ring of positive energy
MPRegen  0.09/turn              (no ring)

@: no status effects
A: distributed training, fangs 1, strong nose
a: no special abilities


You were on level 1 of the Dungeon.
You were not hungry.

You visited 1 branch of the dungeon, and saw 2 of its levels.

You collected 61 gold pieces.

Inventory:

Hand Weapons
 a - a +2 mace (weapon)
 c - a +0 shortbow
Missiles
 d - 25 arrows
Armour
 h - a +0 chain mail (worn)
Jewellery
 i - a ring of positive energy (left hand)
 k - an uncursed ring of ice
Scrolls
 e - a scroll of identify {unknown}
 j - 2 scrolls of amnesia {unknown}
Potions
 l - a potion of heal wounds {unknown}
Comestibles
 f - 2 rations


   Skills:
 + Level 4.5 Fighting
 + Level 0.6 Short Blades
 + Level 0.6 Long Blades
 + Level 0.6 Axes
 + Level 2.5 Maces & Flails
 + Level 0.6 Polearms
 + Level 0.6 Staves
 + Level 0.6 Slings
 + Level 6.5 Bows
 + Level 0.6 Crossbows
 + Level 0.6 Throwing
 + Level 4.5 Armour
 + Level 0.6 Dodging
 + Level 0.6 Stealth
 + Level 2.5 Shields
 + Level 0.6 Unarmed Combat
 + Level 0.6 Spellcasting
 + Level 0.4 Conjurations
 + Level 0.4 Hexes
 + Level 0.4 Charms
 + Level 0.4 Summonings
 + Level 0.4 Necromancy
 + Level 0.4 Translocations
 + Level 0.4 Transmutations
 + Level 0.4 Fire Magic
 + Level 0.4 Ice Magic
 + Level 0.4 Air Magic
 + Level 0.4 Earth Magic
 + Level 0.4 Poison Magic
 + Level 0.8 Invocations
 + Level 2.5 Evocations


You had 3 spell levels left.
You didn't know any spells.

Dungeon Overview and Level Annotations

Branches:
Dungeon (2/15)

Altars:


Innate Abilities, Weirdness & Mutations

Your experience applies equally to all skills.
You have very sharp teeth.
Your uncanny sense of smell can sniff out nearby items.


Message History

You start resting.
You feel sick. x9
You are no longer poisoned.
You climb downwards.
The adder barely misses you.
There is a stone staircase leading up here.
The adder bites you but does no damage. The adder barely misses you.
You climb upwards.
There is a stone staircase leading down, spattered with blood here.
You closely miss the adder. The adder bites you.
* * * LOW HITPOINT WARNING * * *
You hit the adder.
The adder is moderately wounded.
The adder bites you but does no damage. The adder bites you.
* * * LOW HITPOINT WARNING * * *
Your chain mail prevents you from hitting the adder.
You bite the adder.
The adder is heavily wounded.
The adder bites you.
* * * LOW HITPOINT WARNING * * *
The adder bites you.
You die...

##...## #######.
######.############.
#..................[
#.####...########.#.
#.####.........#.##.
#........#####......
#....##.## ##...###
##....#..# #)......
#..S@...## ##..##.#
#.......# ##.###.
#.......# #.# ##
###...#.# #.# #
#...#.# #.# ##
#####..##.# #.###.
#...).....# #.#..)
#.###..##.# #.....
#.#
#..##.#########..#.


You could see an adder.

Vanquished Creatures
  An adder (D:1)
  A leopard gecko (D:1)
  A ball python (D:1)
  2 goblins (D:1)
  3 hobgoblins (D:1)
  4 kobolds (D:1)
  2 bats (D:1)
  A frilled lizard (D:1)
15 creatures vanquished.

Notes
Turn   | Place    | Note
-------+----------+-------------------------------------------
     0 | D:1      | galech the Gnoll Wanderer began the quest for the Orb.
     0 | D:1      | galech set off with: a +2 mace, a potion of curing, a +0 shortbow, 25 arrows, a +0 robe, a ration
     0 | D:1      | Reached XP level 1. HP: 20/20 MP: 2/2
   163 | D:1      | Reached XP level 2. HP: 26/26 MP: 3/3
   568 | D:1      | Reached XP level 3. HP: 13/31 MP: 4/4
   600 | D:1      | HP: 1/31 [adder (3)]
   600 | D:1      | Slain by an adder

Vault maps used:
D:1:      matt_arrival_diagonals
D:2:      fedhas_altar_1, uniq_jessica, uniq_terence

Action                   || total
-------------------------++-------
Melee: Mace              ||    47
       Bite              ||     5
  Use: Potion            ||     1
Armor: Chain mail        ||    40
Dodge: Dodged            ||    18

Table legend:
 A = Spawn XP
 B = Non-spawn XP
 C = Spawn XP percentage of total XP
 D = Spawn monster count
 E = Non-spawn monster count
 F = Spawn count percentage of total count
 G = Total turns spent on level
                    A         B        C        D         E        F      G
               +---------+---------+-------+---------+---------+-------+---------
         Total |       0 |      40 |   0.0 |       0 |      15 |   0.0 |   600
               +---------+---------+-------+---------+---------+-------+---------
           D:1 |       0 |      40 |   0.0 |       0 |      15 |   0.0 |   588
               +---------+---------+-------+---------+---------+-------+---------
